 Dungeon Crawl Stone Soup version 0.28.0-53-g5a82cb258f (webtiles) character file.

Game seed: 16951746156719127402

4424 mortz the Covert (level 10, -4/54 HPs)
             Began as a Kobold Conjurer on July 21, 2022.
             Was a Follower of Vehumet.
             Slain by a yak (14 damage)
             ... on level 9 of the Dungeon.
             The game lasted 00:45:05 (12793 turns).

mortz the Covert (Kobold Conjurer)                 Turns: 12793, Time: 00:45:05

Health: -4/54      AC:  5    Str:  4    XL:     10   Next: 62%
Magic:  6/18       EV: 18    Int: 24    God:    Vehumet [*.....]
Gold:   485        SH:  5    Dex: 20    Spells: 13/20 levels left

rFire   + . .      SeeInvis .   a - +1 short sword {short}
rCold   + . .      Faith    .   (no shield)
rNeg    + . .      Spirit   .   H - +0 robe {rC+ rF+}
rPois   .          Reflect  +   (no helmet)
rElec   .          Harm     .   g - +0 cloak
rCorr   .          Rampage  .   q - +1 pair of gloves
Will    .....                   (no boots)
Stlth   ++++++....              r - amulet of reflection
HPRegen 0.18/turn               n - ring of positive energy
MPRegen 0.16/turn               m - +6 ring of dexterity

@: studying 2 skills
A: small, no large weapons, nightstalker 3
a: Renounce Religion


You were on level 9 of the Dungeon.
You worshipped Vehumet.
Vehumet was aware of your devotion.
You visited 2 branches of the dungeon, and saw 10 of its levels.

You collected 485 gold pieces.


Innate Abilities, Weirdness & Mutations

You are small and have problems with some larger weapons.
You are completely attuned to the shadows.


   Skills:
 + Level 2.4 Fighting
 + Level 5.3 Short Blades
 + Level 5.6 Dodging
 + Level 11.2 Stealth
 + Level 1.5 Shields
 * Level 5.9 Spellcasting
 * Level 8.3 Conjurations
 * Level 6.2 Translocations


You had 13 spell levels left.
You knew the following spells:

 Your Spells              Type           Power      Damage    Failure   Level
a - Magic Dart            Conj           100%       1d8       1%          1
b - Searing Ray           Conj           94%        2d7       1%          2
c - Iskenderun's Mystic   Conj/Tloc      42%        2d10      4%          4

Your spell library contained the following spells:

 Spells                   Type           Power      Damage    Failure   Level
 Shock                    Conj/Air       100%       1d9       1%          1
 Apportation              Tloc           74%        N/A       1%          1
 Blink                    Tloc           74%        N/A       1%          2
 Dazzling Flash           Conj/Hex       54%        N/A       4%          3
 Mephitic Cloud           Conj/Pois/Air  20%        N/A       8%          3
 Animate Skeleton         Necr           14%        N/A       9%          1
 Slow                     Hex            28%        N/A       9%          1
 Summon Small Mammal      Summ           28%        N/A       9%          1
 Call Imp                 Summ           7%         N/A       12%         2
 Fulminant Prism          Conj/Hex       13%        3d9       14%         4
 Manifold Assault         Tloc           37%        N/A       17%         5
 Confusing Touch          Hex            7%         N/A       24%         3
 Inner Flame              Hex/Fire       7%         N/A       24%         3
 Vampiric Draining        Necr           7%         2d6       24%         3
 Cause Fear               Hex            3%         N/A       63%         4
 Storm Form               Tmut/Air       3%         N/A       100%        7
 Discord                  Hex            3%         N/A       100%        8

Inventory:

Hand Weapons
 a - a +1 short sword (weapon) {short}
   (You took it off a kobold on level 2 of the Dungeon)
 f - a +0 dagger {short}
   (You took it off a goblin on level 1 of the Dungeon)
 p - a +0 war axe {axe}
   (You found it on level 4 of the Dungeon)
 A - a +0 trident {polearm}
   (You took it off an orc on level 5 of the Dungeon)
 G - a +0 rapier {short}
   (You found it on level 8 of the Dungeon)
Missiles
 d - 16 poisoned darts {throwing}
 i - a curare-tipped dart {=fthrowing}
Armour
 g - a +0 cloak (worn)
   (You found it on level 1 of the Dungeon)
 h - a +0 robe
 q - a +1 pair of gloves (worn)
   (You found it on level 4 of the Dungeon)
 s - a +0 leather armour
   (You found it on level 4 of the Dungeon)
 H - a +0 robe of resistance (worn)
   (You found it on level 9 of the Dungeon)
Jewellery
 m - a +6 ring of dexterity (right hand)
   (You found it on level 6 of the Dungeon)
 n - a ring of positive energy (left hand)
   (You found it on level 4 of the Dungeon)
 r - an amulet of reflection (around neck)
   (You found it on level 4 of the Dungeon)
 x - a ring of fire
   (You found it on level 5 of the Dungeon)
 E - a ring of resist corrosion
   (You found it on level 8 of the Dungeon)
Wands
 k - a wand of paralysis (6)
   (You found it on level 5 of the Dungeon)
 y - a wand of flame (38)
   (You found it on level 6 of the Dungeon)
 C - a wand of mindburst (6)
   (You found it on level 8 of the Dungeon)
 D - a wand of charming (3)
   (You found it on level 8 of the Dungeon)
 I - a wand of digging (6)
   (You found it on level 9 of the Dungeon)
Scrolls
 l - a scroll of magic mapping {!r}
 B - a scroll of holy word
 F - a scroll of immolation {unknown}
Potions
 b - a potion of ambrosia
 c - 3 potions of heal wounds {@q2}
 e - a potion of invisibility
 j - 2 potions of mutation {!q}
 o - 2 potions of lignification {!q}
 t - a potion of cancellation
 u - 3 potions of attraction {!q}
 v - 3 potions of brilliance
 w - a potion of degeneration {unknown}
 z - a potion of curing {@q1}

Dungeon Overview and Level Annotations

Branches:
Dungeon (9/15)             Temple (1/1) D:6            Lair (0/6) D:8
    Orc: D:9-12

Altars:
Ashenzari
Cheibriados
Dithmenos
Elyvilon
Fedhas
Gozag
Hepliaklqana
Kikubaaqudgha
Makhleb
Nemelex Xobeh
Okawaru
Qazlal
Ru
Sif Muna
Trog
Uskayaw
Vehumet
Wu Jian
Xom
Yredelemnul
Zin
The Shining One
Beogh

Annotations:
D:4 Sigmund
D:7 exclusion: downstairs
D:8 exclusions: bullfrog, centaur, hornet and howler monkey

..## #.......# # #..#
###..### #
#####.######
#..........#
#..........#
###..........#
#.'...(......#
#....#.#..........#
.....#@#..........#
#...#Y#..........#
##..l#)#..........#
.##....#†#..........#
.......#.#..........#
......Y#.#........^.#
.......'.#..........#
....c.†##############
########


You could see a yak.


Message History

You kill the killer bee!
Vehumet accepts your kill.
You feel sick.
You are no longer poisoned. 😮 MP[-1]
You lost 1 mp, and now have 11/18 mp.
Things that are here:
a killer bee corpse; a killer bee corpse 😎 HP[+19] MP[+7]
Your hp is fully restored (54).
Your mp is fully restored (18).
You see here a killer bee corpse.
A yak comes into view.
There is an open door here.
A yak is nearby!
A centaur comes into view.
The centaur shouts!
The centaur wields a +0 shortbow.
The centaur shoots an arrow.
The arrow hits you.
The yak bellows! 😕 HP[-4]
You take 4 damage, and now have 50/54 hp.
The centaur shoots an arrow.
The arrow barely misses you.
The centaur shoots an arrow.
The arrow hits you!
A wyvern comes into view.
The centaur shoots an arrow.
You reflect the arrow off an invisible shield around you!
The arrow hits the centaur!
The wyvern hisses angrily.
There is an open door, spattered with blood here. 😕 HP[-9]
You take 9 damage, and now have 41/54 hp.
The centaur shoots an arrow.
The arrow hits you but does no damage. 😕 HP[+1]
You see here a killer bee corpse.
The centaur shoots an arrow.
The arrow completely misses you.
Things that are here:
a killer bee corpse; a killer bee corpse You see here a killer bee corpse.
The centaur shoots an arrow.
The arrow hits you! 😮 HP[-10]
You take 10 damage, and now have 32/54 hp.
You are too injured to fight recklessly!
Aiming: Searing Ray (safe; 1% risk of failure)
Press: ? - help, Q - select action, (/) - cycle Shift-Dir - straight line, f - centaur
Aim: a centaur, wielding a +0 shortbow and quivering arrows (moderately wounded, 89% to hit)
The searing ray misses the centaur. (Press . to maintain the ray.)
The centaur shoots an arrow.
The arrow closely misses you. 😮 MP[-2]
You lost 2 mp, and now have 16/18 mp.
The searing ray hits the centaur.
The centaur shoots an arrow.
The arrow hits you!
* * * LOW HITPOINT WARNING * * *
The centaur shoots an arrow.
The arrow closely misses you. 😨 HP[-9] MP[-1]
You take 9 damage, and now have 23/54 hp.
You lost 1 mp, and now have 15/18 mp.
The searing ray hits the centaur!
The centaur shoots an arrow.
The arrow closely misses you. 😨 MP[-1]
You lost 1 mp, and now have 14/18 mp.
The searing ray hits the centaur.
The searing ray misses the yak.
You finish channelling your searing ray.
The centaur shoots an arrow.
You reflect the arrow off an invisible shield around you!
The arrow hits the centaur!
You kill the centaur!
Vehumet accepts your kill. 😨 MP[-1]
You lost 1 mp, and now have 13/18 mp.
Aiming: Searing Ray (safe; 1% risk of failure)
Press: ? - help, Q - select action, (/) - cycle Shift-Dir - straight line, f - yak
Aim: a yak (89% to hit)
The searing ray hits the yak. (Press . to maintain the ray.) 😨 MP[-2]
You lost 2 mp, and now have 11/18 mp.
The searing ray hits the yak. 😨 HP[+1]
The searing ray hits the yak. 😨 MP[-1]
You lost 1 mp, and now have 10/18 mp.
The searing ray hits the yak!
You finish channelling your searing ray.
The yak barely misses you. 😨 MP[-1]
You lost 1 mp, and now have 9/18 mp.
Aiming: Searing Ray (safe; 1% risk of failure)
Press: ? - help, Q - select action, (/) - cycle Shift-Dir - straight line, f/p - yak
Aim: a yak (heavily wounded, 89% to hit)
The searing ray hits the yak. (Press . to maintain the ray.)
The yak gores you!
* * * LOW HITPOINT WARNING * * *
😱 HP[-14] MP[-2]
You take 14 damage, and now have 10/54 hp.
MASSIVE DAMAGE!! (PAUSE)
You lost 2 mp, and now have 7/18 mp.
The searing ray hits the yak.
The yak gores you!
You die...

Skill      XL: |  1  2  3  4  5  6  7  8  9 10 |
---------------+-------------------------------+-----
Conjurations   | 5 6 7 8 |  8.3
Stealth        | 3 4 5 7 10 11 | 11.2
Dodging        | 3 4 5 |  5.6
Spellcasting   | 3 4 5 |  5.9
Translocations | 1 2 3 4 6 |  6.2
Short Blades   | 1 3 4 5 |  5.3
Fighting       | 1 2 |  2.4
Shields        | 1 |  1.5

Action                   |  1- 3 |  4- 6 |  7- 9 | 10-12 || total
-------------------------+-------+-------+-------+-------++-------
Melee: Spear             |     8 |       |       |       ||     8
       Dagger            |       |    23 |       |       ||    23
       Short sword       |       |     9 |    33 |    11 ||    53
 Cast: Magic Dart        |    11 |       |       |       ||    11
       Searing Ray       |    22 |    45 |    52 |    23 ||   142
       Iskenderun's Myst |       |       |       |     1 ||     1
  Use: Scroll            |       |     4 |    13 |     1 ||    18
 Stab: Sleeping          |       |     7 |    27 |     7 ||    41
Armor: Robe              |     1 |     3 |    10 |     5 ||    19
Dodge: Dodged            |     4 |    44 |    63 |    62 ||   173
Block: Other             |       |     3 |    18 |    29 ||    50
       Reflection        |       |       |     2 |     2 ||     4

Levels and vault maps discovered:
D:1:      dpeg_arrival_windows_large_door, layout_loops_ring,
          hellmonk_ecumenical_altar_defaced_shrine
D:2:      layout_basic, serial_glass, glass_columns_a, glass_columns_c,
          glass_columns_a, glass_columns_c, item_on_display_a,
          item_on_display_a, uniq_terence
D:3:      layout_loops_cross, mainiacjoe_overflow_tiny_flanked, uniq_jessica
D:4:      layout_loops_ring, uniq_sigmund
D:5:      layout_loops_cross, minmay_manual_mullet, uniq_blork_the_orc
D:6:      layout_basic, minmay_temple_entry_crystal_x, minmay_misc_feat_iff
D:7:      layout_loops_ring, centaur_isle
D:8:      layout_basic, dpeg_oklobed_lair, minmay_increasing_density
D:9:      layout_roguey, gammafunk_ghost_nasty_kobolds, minmay_starry_boxes
Temple:   minmay_crystal_snake_temple

Notes
Turn   | Place    | Note
-------+----------+-------------------------------------------
     0 | D:1      | mortz the Kobold Conjurer began the quest for the Orb.
     0 | D:1      | Reached XP level 1. HP: 10/10 MP: 3/3
     0 | D:1      | magus.rc [v1.9.6]
    56 | D:1      | HP: 1/10 [dart slug/slug dart (5)]
   458 | D:1      | Reached XP level 2. HP: 15/15 MP: 1/5
   461 | D:1      | Learned a level 2 spell: Searing Ray
   713 | D:1      | Reached XP level 3. HP: 19/19 MP: 2/6
  1382 | D:1      | Reached skill level 5 in Conjurations
  1713 | D:1      | Reached XP level 4. HP: 24/24 MP: 3/7
  1765 | D:1      | Found a faded altar of an unknown god.
  2311 | D:2      | Noticed Terence
  2363 | D:2      | HP: 6/24 [Terence/+0 mace (6)]
  2364 | D:2      | HP: 1/24 [Terence/+0 mace (5)]
  2365 | D:2      | Killed Terence
  2366 | D:2      | Reached XP level 5. HP: 1/28 MP: 0/9
  2680 | D:2      | You pick up a book of Hexes and begin reading...
  2680 | D:2      | You add the spells Inner Flame, Cause Fear and Discord to
                  | your library.
  2949 | D:2      | You add the spells Blink, Manifold Assault and Storm Form
                  | to your library.
  3264 | D:2      | Reached skill level 3 in Stealth
  3662 | D:3      | Reached skill level 3 in Dodging
  3662 | D:3      | Reached skill level 3 in Spellcasting
  3917 | D:3      | Noticed Jessica
  3919 | D:3      | Killed Jessica
  3920 | D:3      | Reached skill level 1 in Translocations
  4067 | D:3      | Found an iron altar of Okawaru.
  4232 | D:3      | Reached XP level 6. HP: 32/32 MP: 7/10
  4653 | D:5      | Entered Level 5 of the Dungeon
  4829 | D:4      | Noticed a black bear
  5384 | D:4      | Noticed Sigmund
  5515 | D:4      | Reached skill level 4 in Stealth
  5515 | D:4      | Reached skill level 2 in Translocations
  5517 | D:4      | Killed a black bear
  5518 | D:4      | Reached skill level 6 in Conjurations
  5518 | D:4      | Reached XP level 7. HP: 24/36 MP: 5/12
  6026 | D:5      | Reached skill level 1 in Short Blades
  6026 | D:5      | Reached skill level 5 in Stealth
  6446 | D:5      | Noticed Blork the orc
  6454 | D:5      | Killed Blork the orc
  6455 | D:5      | Reached skill level 1 in Fighting
  6455 | D:5      | Reached XP level 8. HP: 31/43 MP: 6/13
  6554 | D:5      | Reached skill level 2 in Short Blades
  6564 | D:5      | Reached skill level 4 in Dodging
  6564 | D:5      | Reached skill level 6 in Stealth
  6671 | D:5      | You pick up a book of Minor Magic and begin reading...
  6671 | D:5      | You add the spells Call Imp and Mephitic Cloud to your
                  | library.
  6677 | D:5      | Learned a level 4 spell: Iskenderun's Mystic Blast
  6716 | D:5      | Reached skill level 4 in Spellcasting
  6716 | D:5      | Reached skill level 3 in Translocations
  7112 | D:5      | Noticed a yak
  7138 | D:5      | Killed a yak
  7139 | D:5      | Reached skill level 3 in Short Blades
  7139 | D:5      | Reached skill level 7 in Stealth
  7936 | D:6      | Reached XP level 9. HP: 48/48 MP: 15/15
  8017 | D:6      | Reached skill level 8 in Stealth
  8189 | D:6      | Reached skill level 4 in Short Blades
  8189 | D:6      | Reached skill level 7 in Conjurations
  8467 | D:6      | Found a staircase to the Ecumenical Temple.
  8473 | Temple   | Entered the Ecumenical Temple
  8649 | Temple   | Became a worshipper of Vehumet
  8761 | D:6      | Reached skill level 9 in Stealth
  9189 | D:7      | Reached skill level 1 in Shields
  9585 | D:7      | Reached skill level 5 in Dodging
  9849 | D:7      | Reached skill level 2 in Fighting
 10400 | D:7      | Identified the ring of Waphiaz {rF+ rC+ Int+6}
 10610 | D:8      | You pick up a book of Cantrips and begin reading...
 10610 | D:8      | You add the spells Animate Skeleton, Summon Small Mammal
                  | and Apportation to your library.
 10704 | D:8      | Noticed a hornet
 10976 | D:8      | Reached skill level 4 in Translocations
 11006 | D:8      | Found a staircase to the Lair.
 11042 | D:8      | Reached skill level 10 in Stealth
 11042 | D:8      | Reached skill level 5 in Spellcasting
 11045 | D:8      | Reached XP level 10. HP: 53/53 MP: 17/17
 11701 | D:9      | You pick up a book of Debilitation and begin reading...
 11701 | D:9      | You add the spells Slow, Vampiric Draining and Confusing
                  | Touch to your library.
 11713 | D:9      | Reached * piety under Vehumet
 11713 | D:9      | Offered knowledge of Shock by Vehumet.
 11841 | D:9      | Reached skill level 5 in Short Blades
 11841 | D:9      | Reached skill level 5 in Translocations
 12022 | D:9      | Reached skill level 8 in Conjurations
 12048 | D:9      | HP: 13/54 [yak (10)]
 12053 | D:9      | Reached skill level 11 in Stealth
 12317 | D:9      | Reached skill level 6 in Translocations
 12792 | D:9      | HP: 10/54 [yak (14)]
 12793 | D:9      | Slain by a yak

Vanquished Creatures
  A troll (D:9)
  6 yaks
  A steam dragon (D:6)
  A water moccasin (D:5)
  An orc warrior (D:8)
  An ogre (D:5)
  3 sky beasts
  3 black bears
  3 centaurs
  A phantom (D:5)
  2 kobold brigands
  Blork the orc (D:5)
  3 bullfrogs
  4 scorpions
  2 gnoll sergeants
  10 killer bees (D:9)
  A water moccasin skeleton (D:5)
  A howler monkey (D:5)
  2 bullfrog zombies
  A bullfrog skeleton (D:6)
  2 hounds
  A gnoll shaman (D:5)
  2 orc priests
  2 jellies
  A centaur skeleton (D:6)
  Jessica (D:3)
  4 orc wizards
  Terence (D:2)
  A hound skeleton (D:5)
  2 howler monkey zombies
  14 gnolls
  5 adders
  A shadow imp (D:5)
  2 white imps
  An ufetubus (D:5)
  4 worms
  9 dart slugs
  15 orcs
  5 bats
  5 endoplasms
  3 giant cockroaches
  7 goblins
  8 hobgoblins
  3 jackals (D:4)
  15 kobolds
  3 quokkas
  6 ball pythons
  3 frilled lizards (D:1)
  7 rats
181 creatures vanquished.

Vanquished Creatures (others)
  A kobold (D:7)
1 creature vanquished.

Grand Total: 182 creatures vanquished

Table legend:
 A = Non-vault XP
 B = Vault XP
 C = Vault XP percentage of total XP
 D = Non-vault monster count
 E = Vault monster count
 F = Vault count percentage of total count
                 A         B        C        D         E       F
            +---------+---------+-------+---------+---------+-------
      Total |    5559 |     761 |  12.0 |     162 |      19 |  10.5
            +---------+---------+-------+---------+---------+-------
        D:1 |      60 |      11 |  15.5 |      24 |       4 |  14.3
        D:2 |      64 |      36 |  36.0 |      25 |       1 |   3.8
        D:3 |      79 |      37 |  31.9 |       9 |       1 |  10.0
        D:4 |     445 |       0 |   0.0 |      21 |       0 |   0.0
        D:5 |     676 |     487 |  41.9 |      17 |       9 |  34.6
        D:6 |     705 |       0 |   0.0 |      13 |       0 |   0.0
        D:7 |     799 |       0 |   0.0 |      14 |       0 |   0.0
        D:8 |     724 |      75 |   9.4 |      16 |       3 |  15.8
        D:9 |    2007 |     115 |   5.4 |      23 |       1 |   4.2
            +---------+---------+-------+---------+---------+-------

Illustrated notes

Table legend:
 A = Kills in this place as a percentage of kills in entire the game.
 B = Kills by you in this place as a percentage of kills by you in the entire game.
 C = Kills by friends in this place as a percentage of kills by friends in the entire game.
 D = Other kills in this place as a percentage of other kills in the entire game.
 E = Experience gained in this place as a percentage of experience gained in the entire game.
 F = Experience gained in this place divided by the number of levels of this place that you have seen.
                   A       B       C       D       E      F
               +-------+-------+-------+-------+-------+----------------------
         Total | 100.0 | 100.0 |   N/A |   N/A | 100.0 | 632.0
       Dungeon | 100.0 | 100.0 |   N/A |   N/A | 100.0 | 702.2
               +-------+-------+-------+-------+-------+----------------------

Table legend: (Time is in decaauts)
 A = Elapsed time spent in this place.
 B = Non-inter-level travel time spent in this place.
 C = Inter-level travel time spent in this place.
 D = Time resting spent in this place.
 E = Time spent auto-exploring this place.
 F = Levels seen in this place.
 G = Mean time per level.
                   A        B        C        D        E       F      G
               +--------+--------+--------+--------+--------+-----+--------+
         Total |  12839 |  12358 |    481 |    487 |  10341 |  10 | 1283.9 |
       Dungeon |  12630 |  12181 |    449 |    487 |  10192 |   9 | 1403.3 |
        Temple |    209 |    177 |     32 |      0 |    149 |   1 |  209.0 |
               +--------+--------+--------+--------+--------+-----+--------+

Top non-repeatable levels by time:
     D:1: 1879 daAuts
     D:2: 1775 daAuts
     D:5: 1604 daAuts
     D:4: 1518 daAuts
     D:7: 1368 daAuts
     D:6: 1271 daAuts
     D:9: 1128 daAuts
     D:8: 1122 daAuts
     D:3: 961 daAuts
  Temple: 209 daAuts
